 Dungeon Sprint DCSS version 0.21.2 (webtiles) character file.

2700000 Fang the Axe Maniac (level 22, -8/212 HPs)
             Began as a Demonspawn Gladiator on Oct 2, 2018.
             Was the Champion of Makhleb.
             Mangled by a destroyer
             ... wielding a +9 great sword of slicing
              (11 damage)
             ... in the Dungeon (Sprint VIII: "Arena of Blood").
             The game lasted 00:01:10 (27 turns).

Fang the Axe Maniac (Demonspawn Gladiator)            Turns: 27, Time: 00:01:12

Health: -8/212     AC:  6    Str: 25    XL:     22   Next: 66%
Magic:  0/53       EV: 32    Int:  9    God:    Makhleb [******]
Gold:   0          SH:  0    Dex: 15    Spells: 75/75 levels left

rFire    . . .     SeeInvis .   l - +∞ Axe of Woe
rCold    + . .     Gourm    .   (shield currently unavailable)
rNeg     + . .     Faith    .   b - +0 leather armour
rPois    .         Spirit   +   (helmet unavailable)
rElec    .         Reflect  .   (no cloak)
rCorr    .         Harm     .   (gloves unavailable)
MR       +....     NoTele   +   (boots unavailable)
Stlth    +++++++++.             (no amulet)
HPRegen  0.45/turn              (no ring)
MPRegen  0.66/turn              (no ring)

@: no status effects
A: claws 3, hooves 3, horns 3, cold resistance 1, icemail, negative energy
resistance 1, 50% torment resistance, magic shield, magic regeneration, magic
link, black mark, freezing cloud immunity
a: Minor Destruction, Lesser Servant of Makhleb, Major Destruction, Greater
Servant of Makhleb, Renounce Religion


You were in the Dungeon.
You worshipped Makhleb.
Makhleb was exalted by your worship.
You were not hungry.

You visited 1 branch

Inventory:

Hand Weapons
 l - the +∞ Axe of Woe (weapon)
   (You found it in the Dungeon)
Missiles
 d - 3 throwing nets (quivered)
Armour
 b - a +0 leather armour (worn)
 c - a +0 helmet
Scrolls
 k - a scroll of blinking
Potions
 e - a potion of curing
 h - a potion of haste
 i - 2 potions of magic
 j - a potion of berserk rage
Comestibles
 f - a ration


   Skills:
 O Level 27 Fighting
 O Level 27 Axes
 O Level 27 Throwing
 O Level 27 Armour
 O Level 27 Dodging
 O Level 27 Stealth
 O Level 27 Unarmed Combat
 O Level 27 Spellcasting
 O Level 27 Invocations


You had 75 spell levels left.
You didn't know any spells.

Dungeon Overview and Level Annotations

Branches:
Dungeon (1/1)

Altars:
Makhleb


Innate Abilities, Weirdness & Mutations

You have claws for hands.
You have hooves in place of feet.
You have a pair of large horns on your head.
Your flesh is cold resistant. (rC+)
A meltable icy envelope protects you from harm. (AC +0)
You resist negative energy. (rN+)
You are somewhat able to resist unholy torments (1 in 2 success).
When hurt, damage is shared between your health and your magic reserves.
You regenerate magic rapidly.
When low on magic, you restore magic in place of health.
Your melee attacks may debilitate your foes.
You are immune to freezing clouds.


Message History

Ouch! That really hurt!
* * * LOW HITPOINT WARNING * * *
The destroyer bites you!
* * * LOW HITPOINT WARNING * * *
You hear a shout! x2
Unknown command.
Unknown command.
You are too injured to fight recklessly!
Unknown command.
Unknown command.
Unknown command.
You are too injured to fight recklessly!
You feel much better.
You hear a shout! x5
The large bag of meat is engulfed in blazing flames.
The meat berserker hits you with a +9 battleaxe!!!
* * * LOW HITPOINT WARNING * * *
You hear a shout! x6
The destroyer completely misses you. The destroyer bites you!
You die...

.......... .Oo...
...o..... . .....
......... #....%.
#.......# ...#.V.
#..§....#
#......###.o.....###.
..........))###......
....#.oVo§§.._......
.#...o@O§#)....#..
......oO§§#_.<._#
..#..Oo)..#o....#
....#o..%...._......
............###......
...oooo###.... ..###.
.o....o #.......#
...... #.......#
.....o .........


You could see 2 destroyers, 2 large bags of meat, 2 meat berserkers and 14 bags
of meat.

Vanquished Creatures
  14 ogres (D)
  A two-headed ogre (D)
  12 orcs (D)
27 creatures vanquished.

Notes
Turn   | Place    | Note
-------+----------+-------------------------------------------
     0 | D        | Found the +∞ Axe of Woe
     0 | D        | Fang the Demonspawn Gladiator began the quest for the Orb.
     0 | D        | Reached XP level 1. HP: 16/16 MP: 1/1
     3 | D        | Noticed a bag of meat
     4 | D        | Noticed a bag of meat
     4 | D        | Noticed a bag of meat
     5 | D        | Noticed a meat berserker
     5 | D        | Became a worshipper of Makhleb the Destroyer
     7 | D        | Noticed a bag of meat
     7 | D        | Noticed a bag of meat
     7 | D        | Noticed a meat berserker
     8 | D        | Noticed a bag of meat
     8 | D        | Killed a meat berserker
     8 | D        | Gained mutation: You have a pair of small horns on your head. [demonic ancestry]
     8 | D        | Reached XP level 2. HP: 39/39 MP: 2/2
     8 | D        | Gained mutation: You have sharp fingernails. [demonic ancestry]
     8 | D        | Reached XP level 3. HP: 45/45 MP: 3/3
     8 | D        | Gained mutation: You have very sharp fingernails. [demonic ancestry]
     8 | D        | Reached XP level 4. HP: 52/52 MP: 4/4
     8 | D        | Gained mutation: When hurt, damage is shared between your health and your magic reserves. [demonic ancestry]
     8 | D        | Reached XP level 5. HP: 58/58 MP: 5/5
     8 | D        | Reached XP level 6. HP: 65/65 MP: 6/6
     8 | D        | Gained mutation: You have large cloven feet. [demonic ancestry]
     8 | D        | Reached XP level 7. HP: 71/71 MP: 7/7
     8 | D        | Gained mutation: You regenerate magic rapidly. [demonic ancestry]
     8 | D        | Reached XP level 8. HP: 77/77 MP: 8/8
     8 | D        | Gained mutation: You have hoof-like feet. [demonic ancestry]
     8 | D        | Reached XP level 9. HP: 83/83 MP: 9/9
     8 | D        | Gained mutation: You have hooves in place of feet. [demonic ancestry]
     8 | D        | Reached XP level 10. HP: 90/90 MP: 10/10
     8 | D        | Gained mutation: Your flesh is cold resistant. (rC+) [demonic ancestry]
     8 | D        | Reached XP level 11. HP: 96/96 MP: 11/11
     8 | D        | Gained mutation: You are immune to freezing clouds. [demonic ancestry]
     8 | D        | Reached XP level 12. HP: 103/103 MP: 12/12
     8 | D        | Gained mutation: You have claws for hands. [demonic ancestry]
     8 | D        | Reached XP level 13. HP: 109/109 MP: 13/13
     9 | D        | Noticed a bag of meat
     9 | D        | Noticed a meat berserker
     9 | D        | Killed a bag of meat
     9 | D        | Reached * piety under Makhleb
    10 | D        | Noticed a meat berserker
    10 | D        | Noticed a meat berserker
    10 | D        | Noticed a meat berserker
    10 | D        | Killed a meat berserker
    10 | D        | Gained mutation: You have a pair of horns on your head. [demonic ancestry]
    10 | D        | Reached XP level 14. HP: 121/121 MP: 14/14
    11 | D        | Noticed a meat berserker
    11 | D        | Noticed a bag of meat
    11 | D        | Noticed a bag of meat
    12 | D        | Killed a meat berserker
    12 | D        | Gained mutation: You have a pair of large horns on your head. [demonic ancestry]
    12 | D        | Reached XP level 15. HP: 68/131 MP: 7/15
    12 | D        | Reached ** piety under Makhleb
    13 | D        | Noticed a meat berserker
    13 | D        | Reached skill level 15 in Throwing
    13 | D        | Reached XP level 16. HP: 110/141 MP: 7/16
    14 | D        | Killed a meat berserker
    14 | D        | Reached skill level 27 in Axes
    14 | D        | Reached skill level 27 in Dodging
    15 | D        | Killed a meat berserker
    15 | D        | Reached *** piety under Makhleb
    15 | D        | Reached skill level 5 in Armour
    15 | D        | Gained mutation: When low on magic, you restore magic in place of health. [demonic ancestry]
    15 | D        | Reached XP level 17. HP: 138/165 MP: 6/17
    16 | D        | Noticed a large bag of meat
    16 | D        | Noticed a meat berserker
    16 | D        | Killed a meat berserker
    16 | D        | Reached skill level 27 in Fighting
    16 | D        | Gained mutation: You resist negative energy. (rN+) [demonic ancestry]
    16 | D        | Reached XP level 18. HP: 182/182 MP: 6/18
    16 | D        | Reached **** piety under Makhleb
    16 | D        | Reached skill level 10 in Armour
    16 | D        | Killed a meat berserker
    16 | D        | Reached skill level 27 in Throwing
    17 | D        | Noticed a meat berserker
    17 | D        | Noticed a meat berserker
    18 | D        | Noticed a meat berserker
    18 | D        | Reached XP level 19. HP: 189/189 MP: 7/19
    19 | D        | Noticed a meat berserker
    19 | D        | Noticed a meat berserker
    19 | D        | Killed a meat berserker
    19 | D        | Reached skill level 27 in Armour
    20 | D        | Killed a meat berserker
    20 | D        | Reached ***** piety under Makhleb
    20 | D        | Gained mutation: A meltable icy envelope protects you from harm. (AC +0) [demonic ancestry]
    20 | D        | Reached XP level 20. HP: 197/197 MP: 8/35
    21 | D        | Killed a meat berserker
    21 | D        | Reached skill level 15 in Stealth
    21 | D        | Reached skill level 15 in Unarmed Combat
    21 | D        | Reached skill level 15 in Spellcasting
    21 | D        | Killed a meat berserker
    21 | D        | Gained mutation: You are somewhat able to resist unholy torments (1 in 2 success). [demonic ancestry]
    21 | D        | Reached XP level 21. HP: 204/204 MP: 9/44
    22 | D        | Reached skill level 27 in Invocations
    22 | D        | Reached ****** piety under Makhleb
    23 | D        | Noticed a destroyer
    23 | D        | Noticed a large bag of meat
    24 | D        | Noticed a large bag of meat
    25 | D        | Noticed a destroyer
    25 | D        | Killed a large bag of meat
    25 | D        | Reached skill level 27 in Stealth
    25 | D        | Gained mutation: Your melee attacks may debilitate your foes. [demonic ancestry]
    25 | D        | Reached XP level 22. HP: 212/212 MP: 8/51
    25 | D        | Reached skill level 27 in Unarmed Combat
    25 | D        | Reached skill level 27 in Spellcasting
    27 | D        | HP: 3/212 [meat berserker/+9 battleaxe (62)]
    27 | D        | Mangled by a destroyer

Skill      XL: |  1  2  3  4  5  6  7  8  9 10 11 12 13 14 15 16 17 18 19 20 21 22 |
---------------+-------------------------------------------------------------------+-----
Fighting       | 12 14 16 17 23 27 | 27.0
Axes           | 19 23 25 26 27 | 27.0
Throwing       | 11 13 14 15 20 24 27 | 27.0
Dodging        | 18 22 24 25 27 | 27.0
Armour         | 5 9 21 27 | 27.0
Stealth        | 11 20 27 | 27.0
Unarmed Combat | 11 19 25 27 | 27.0
Spellcasting   | 11 19 25 27 | 27.0
Invocations    | 14 25 27 | 27.0

Action                   |  1- 3 |  4- 6 |  7- 9 | 10-12 | 13-15 | 16-18 | 19-21 | 22-24 || total
-------------------------+-------+-------+-------+-------+-------+-------+-------+-------++-------
Melee: Executioner's axe |     1 |       |       |       |     4 |     4 |     6 |       ||    15
  Use: Potion            |       |       |       |       |       |       |       |     1 ||     1
Dodge: Dodged            |       |       |       |       |       |       |       |     1 ||     1
